 Dungeon Crawl Stone Soup version 0.24.0-13-gcf9b319 (webtiles) character file.

Game seed: 17841330597085678568, levelgen mode: deterministic

7943 2bobheroes the Blocker (level 11, -17/89 HPs)
             Began as a Gnoll Fighter on Jan 25, 2020.
             Was an Elder of Makhleb.
             Demolished by a red draconian knight
             ... wielding a +0 battleaxe
              (27 damage)
             ... on level 1 of the Abyss.
             The game lasted 00:40:01 (10162 turns).

2bobheroes the Blocker (Gnoll Fighter)             Turns: 10162, Time: 00:40:02

Health: -17/89     AC: 14    Str: 19    XL:     11   Next: 23%
Magic:  20/20      EV: 14    Int: 19    God:    Makhleb [****..]
Gold:   638        SH: 11    Dex: 14    Spells: 19/22 levels left

rFire    + . .     SeeInvis .   Y - +2 short sword (venom)
rCold    + . .     Gourm    .   c - +0 shield
rNeg     + . .     Faith    .   X - +0 steam dragon scales
rPois    +         Spirit   .   v - +0 helmet
rElec    +         Reflect  .   K - +2 cloak
rCorr    +         Harm     .   e - +0 pair of gloves
MR       .....                  a - +0 pair of boots
Stlth    +++.......             Q - amulet of rage
HPRegen  0.24/turn              (no ring)
MPRegen  0.17/turn              S - ring of positive energy

@: brilliant, resistant
A: distributed training, fangs 1, strong nose
a: Minor Destruction, Lesser Servant of Makhleb, Major Destruction, Renounce
Religion, Evoke Berserk Rage


You were on level 1 of the Abyss.
You worshipped Makhleb.
Makhleb was greatly pleased with you.
You were not hungry.

You visited 1 branch of the dungeon, and saw 10 of its levels.
You visited the Abyss 1 time.

You collected 638 gold pieces.

Inventory:

Hand Weapons
 b - a +4 mace of freezing
 k - a +0 dagger of draining
 o - a +0 hand axe
 y - a +0 hunting sling
 O - a +4 halberd
 T - a +5 long sword
 U - a +0 glaive
 V - a +0 battleaxe
 Y - a +2 short sword of venom (weapon)
Missiles
 i - 16 javelins
 n - 26 poisoned darts
 r - 255 stones (quivered)
 z - 99 sling bullets
 N - 3 throwing nets
Armour
 a - a +0 pair of boots (worn)
 c - a +0 shield (worn)
 e - a +0 pair of gloves (worn)
 v - a +0 helmet (worn)
 w - a +2 robe of magic resistance
 F - a +0 plate armour
 K - a +2 cloak (worn)
 X - +0 steam dragon scales (worn)
Jewellery
 h - an uncursed ring of fire
 I - an uncursed ring of ice
 L - an uncursed ring of stealth {unknown}
 Q - an amulet of rage (around neck)
 S - a ring of positive energy (right hand)
Wands
 D - a wand of flame (27)
 R - a wand of enslavement (7)
 Z - a wand of paralysis (5)
Scrolls
 g - a scroll of teleportation
 l - 2 scrolls of identify
 q - 2 scrolls of remove curse
 s - a scroll of enchant armour {unknown}
 u - 2 scrolls of random uselessness {unknown}
 x - 2 scrolls of magic mapping
 A - 3 scrolls of amnesia {unknown}
 C - 4 scrolls of enchant weapon {unknown}
 E - a scroll of immolation {unknown}
Potions
 d - a potion of might
 m - a potion of haste
 p - 2 potions of agility
 t - 3 potions of lignification
 B - a potion of berserk rage
 G - 2 potions of flight
 H - 2 potions of curing
 M - 2 potions of magic
 W - a potion of degeneration {unknown}
Comestibles
 f - 28 rations


   Skills:
 + Level 9.0 Fighting
 + Level 6.0 Short Blades
 + Level 7.6 Long Blades
 + Level 6.0 Axes
 + Level 6.0 Maces & Flails
 + Level 6.0 Polearms
 + Level 6.0 Staves
 + Level 6.0 Slings
 + Level 6.0 Bows
 + Level 6.0 Crossbows
 + Level 6.0 Throwing
 + Level 9.0 Armour
 + Level 6.0 Dodging
 + Level 6.0 Stealth
 + Level 9.0 Shields
 + Level 6.0 Unarmed Combat
 + Level 6.0 Spellcasting
 + Level 4.9 Conjurations
 + Level 4.9 Hexes
 + Level 4.9 Charms
 + Level 4.9 Summonings
 + Level 4.9 Necromancy
 + Level 4.9 Translocations
 + Level 4.9 Transmutations
 + Level 4.9 Fire Magic
 + Level 4.9 Ice Magic
 + Level 4.9 Air Magic
 + Level 4.9 Earth Magic
 + Level 4.9 Poison Magic
 + Level 6.5 Invocations
 + Level 6.0 Evocations


You had 19 spell levels left.
You knew the following spells:

 Your Spells              Type           Power        Failure   Level  Hunger
a - Animate Skeleton      Necr           N/A          1%          1    None
b - Apportation           Tloc           #####.       1%          1    None
c - Confusing Touch       Hex            #####.       1%          1    None

Your spell library contained the following spells:

 Spells                   Type           Power        Failure   Level  Hunger
 Summon Small Mammal      Summ           ####         1%          1    None


Dungeon Overview and Level Annotations

Branches:
Dungeon (10/15)            Temple (0/1) D:5             Orc (0/2) D:10
   Lair: D:8-11

Altars:
Dithmenos
Elyvilon
Gozag
Makhleb
Qazlal
Ru
Trog
The Shining One
Beogh

Shops:
D:6 *

Annotations:
D:5 exclusion: 2 doors
D:7 2 transporters, Lapinsky's ghost, novice MiHu
D:10 JJBomb's ghost, novice FoFi


Innate Abilities, Weirdness & Mutations

Your experience applies equally to all skills.
You have very sharp teeth.
Your uncanny sense of smell can sniff out nearby items.


Message History

The bolt of cold hits you! You resist.
* * * LOW HITPOINT WARNING * * *
A raiju comes into view.
Found a gateway leading deeper into the Abyss.
p - 2 potions of agility (gained 1)
There are no items here.
You are suddenly pulled into a different region of the Abyss!
Found a ration.
f - 28 rations (gained 1)
You start resting.
Your extra speed is starting to run out.
You start resting.
The red draconian knight is too close now for your liking.
You start resting.
You feel yourself slow down.
You start resting.
The red draconian knight is too close now for your liking.
Okay, then.
The red draconian knight hits you with a +0 battleaxe!!
You die...

. . ... .# . #. .. #
##. ##. .. # . ... .
## #.##........ ###
# ..##.#..#. ## #.##
..q# .. . ..
##..##.##..# ##...#
#....@q#.#.##.....
#......##..##...#...
#. .#.#... ##....
#..#.. #. ####
####.# #.. # ## . #
.. . . # .. #


You could see a red draconian knight.

Vanquished Creatures
  2 two-headed ogres
  Urug (D:10)
  Pikel (D:6)
  A merfolk (D:9)
  A hornet (D:8)
  Sigmund (D:3)
  A hungry ghost (D:10)
  3 steam dragons (D:7)
  Menkaure (D:6)
  A water moccasin (D:7)
  2 sky beasts
  An ice beast (D:10)
  A black bear (D:9)
  A necrophage (D:7)
  5 ogres
  5 orc warriors
  A big kobold (D:9)
  3 bullfrogs
  A gnoll sergeant (D:6)
  A scorpion (D:5)
  5 killer bees (D:7)
  4 howler monkeys
  10 wights
  5 crimson imps
  A quasit (D:6)
  2 bullfrog zombies
  3 centaur skeletons
  9 orc priests
  Crazy Yiuf (D:4)
  3 hounds
  4 iguanas
  Jessica (D:3)
  9 orc wizards
  3 worker ants
  2 hound skeletons
  Robin (D:3)
  9 gnolls
  5 adders
  A shadow imp (D:8)
  An ooze (D:7)
  4 worms
  2 leopard geckos
  37 orcs
  8 bats
  3 giant cockroaches
  11 goblins
  13 hobgoblins
  6 jackals
  14 kobolds
  2 quokkas
  2 ball pythons
  5 frilled lizards
  3 goblin zombies (D:6)
  2 hobgoblin zombies (D:6)
  3 kobold zombies (D:6)
  2 orc skeletons (D:6)
  7 rats
237 creatures vanquished.

Vanquished Creatures (others)
  A slave (D:6)
  A bullfrog (D:6)
  A scorpion (D:6)
  3 gnolls (D:6)
  A quokka (D:6)
7 creatures vanquished.

Grand Total: 244 creatures vanquished

Notes
Turn   | Place    | Note
-------+----------+-------------------------------------------
     0 | D:1      | 2bobheroes the Gnoll Fighter began the quest for the Orb.
     0 | D:1      | Reached XP level 1. HP: 23/23 MP: 1/1
    66 | D:1      | Reached XP level 2. HP: 25/29 MP: 2/2
   558 | D:1      | Reached XP level 3. HP: 33/35 MP: 3/3
   877 | D:2      | Found a white marble altar of Elyvilon.
   962 | D:2      | Found a burning altar of Makhleb.
   962 | D:2      | Found a shadowy altar of Dithmenos.
   965 | D:2      | Became a worshipper of Makhleb the Destroyer
  1223 | D:2      | Reached skill level 1 in Invocations
  1694 | D:3      | Noticed Robin
  1699 | D:3      | Reached skill level 1 in Short Blades
  1699 | D:3      | Reached skill level 1 in Axes
  1699 | D:3      | Reached skill level 1 in Maces & Flails
  1699 | D:3      | Reached skill level 1 in Polearms
  1699 | D:3      | Reached skill level 1 in Staves
  1699 | D:3      | Reached skill level 1 in Slings
  1699 | D:3      | Reached skill level 1 in Bows
  1699 | D:3      | Reached skill level 1 in Crossbows
  1699 | D:3      | Reached skill level 1 in Throwing
  1699 | D:3      | Reached skill level 1 in Dodging
  1699 | D:3      | Reached skill level 1 in Stealth
  1699 | D:3      | Reached skill level 1 in Unarmed Combat
  1699 | D:3      | Reached skill level 1 in Spellcasting
  1699 | D:3      | Reached skill level 1 in Evocations
  1703 | D:3      | Killed Robin
  1703 | D:3      | Reached XP level 4. HP: 33/41 MP: 5/5
  1778 | D:2      | Reached skill level 1 in Conjurations
  1778 | D:2      | Reached skill level 1 in Hexes
  1778 | D:2      | Reached skill level 1 in Charms
  1778 | D:2      | Reached skill level 1 in Summonings
  1778 | D:2      | Reached skill level 1 in Necromancy
  1778 | D:2      | Reached skill level 1 in Translocations
  1778 | D:2      | Reached skill level 1 in Transmutations
  1778 | D:2      | Reached skill level 1 in Fire Magic
  1778 | D:2      | Reached skill level 1 in Ice Magic
  1778 | D:2      | Reached skill level 1 in Air Magic
  1778 | D:2      | Reached skill level 1 in Earth Magic
  1778 | D:2      | Reached skill level 1 in Poison Magic
  1848 | D:3      | Reached * piety under Makhleb
  1848 | D:3      | Reached XP level 5. HP: 43/47 MP: 6/6
  1912 | D:3      | Noticed Jessica
  1923 | D:3      | Killed Jessica
  2562 | D:3      | Noticed Sigmund
  2577 | D:3      | Killed Sigmund
  2577 | D:3      | Reached skill level 5 in Long Blades
  2577 | D:3      | Reached XP level 6. HP: 38/53 MP: 7/9
  3055 | D:4      | Found a stormy altar of Qazlal.
  3358 | D:4      | Found a runed translucent door.
  3359 | D:4      | Noticed Crazy Yiuf
  3423 | D:4      | Reached XP level 7. HP: 57/59 MP: 10/10
  4047 | D:4      | Killed Crazy Yiuf
  4065 | D:4      | Learned a level 1 spell: Animate Skeleton
  4067 | D:4      | Learned a level 1 spell: Apportation
  4069 | D:4      | Learned a level 1 spell: Confusing Touch
  4093 | D:5      | Entered Level 5 of the Dungeon
  4253 | D:5      | Reached ** piety under Makhleb
  4337 | D:5      | Found a staircase to the Ecumenical Temple.
  4346 | D:5      | Reached XP level 8. HP: 59/67 MP: 7/12
  5172 | D:6      | Noticed Pikel
  5270 | D:6      | Noticed Menkaure
  5280 | D:6      | Killed Menkaure
  5429 | D:6      | Killed Pikel
  5429 | D:6      | Reached XP level 9. HP: 62/73 MP: 14/14
  5485 | D:6      | Found a glowing golden altar of the Shining One.
  5723 | D:6      | Found a sacrificial altar of Ru.
  5968 | D:6      | Found an opulent altar of Gozag.
  5994 | D:6      | Found Gozag's Platinum Reserve.
  6127 | D:6      | Reached *** piety under Makhleb
  6637 | D:7      | Found a transporter.
  6638 | D:7      | Noticed a moth of wrath
  6647 | D:7      | Reached skill level 5 in Invocations
  6711 | D:7      | Found a transporter.
  6715 | D:7      | Noticed Lapinsky's ghost (novice MiHu)
  6716 | D:7      | Found a bloodstained altar of Trog.
  6717 | D:7      | Identified the +7 short sword "Ejefeepp" {distort, -Tele
                  | rElec Int+8}
  6717 | D:7      | Noticed a tengu warrior
  6800 | D:7      | Reached XP level 10. HP: 80/80 MP: 17/17
  7110 | D:8      | Paralysed by a hornet for 3 turns
  7442 | D:8      | Reached skill level 5 in Short Blades
  7442 | D:8      | Reached skill level 5 in Axes
  7442 | D:8      | Reached skill level 5 in Maces & Flails
  7442 | D:8      | Reached skill level 5 in Polearms
  7442 | D:8      | Reached skill level 5 in Staves
  7442 | D:8      | Reached skill level 5 in Slings
  7442 | D:8      | Reached skill level 5 in Bows
  7442 | D:8      | Reached skill level 5 in Crossbows
  7442 | D:8      | Reached skill level 5 in Throwing
  7442 | D:8      | Reached skill level 5 in Dodging
  7442 | D:8      | Reached skill level 5 in Stealth
  7442 | D:8      | Reached skill level 5 in Unarmed Combat
  7442 | D:8      | Reached skill level 5 in Spellcasting
  7442 | D:8      | Reached skill level 5 in Evocations
  7557 | D:8      | Noticed a two-headed ogre
  7569 | D:8      | Killed a two-headed ogre
  7764 | D:8      | Reached **** piety under Makhleb
  8319 | D:9      | Noticed a two-headed ogre
  8372 | D:9      | Killed a two-headed ogre
  8837 | D:9      | Reached XP level 11. HP: 75/87 MP: 19/19
  8972 | D:9      | Found a bloodstained altar of Trog.
  9030 | D:10     | Entered Level 10 of the Dungeon
  9068 | D:10     | Found a staircase to the Orcish Mines.
  9086 | D:10     | Found a roughly hewn altar of Beogh.
  9414 | D:10     | Noticed Urug
  9439 | D:10     | Killed Urug
  9763 | D:10     | Found a runed translucent gate.
  9763 | D:10     | Found a runed translucent gate.
  9763 | D:10     | Found a runed translucent gate.
  9767 | D:10     | Noticed JJBomb's ghost (novice FoFi)
  9806 | D:10     | Cast into level 1 of the Abyss (big kobold)
  9817 | Abyss:1  | Noticed a green death
  9838 | Abyss:1  | Noticed a bone dragon
  9852 | Abyss:1  | Noticed a starcursed mass
 10016 | Abyss:1  | Noticed a flayed ghost
 10050 | Abyss:1  | Noticed a large abomination
 10091 | Abyss:1  | Noticed a red draconian knight
 10113 | Abyss:1  | HP: 2/89 [red draconian knight/bolt of cold (10)]
 10162 | Abyss:1  | Demolished by a red draconian knight

Levels and vault maps discovered:
D:1:      saegor_arrival_simple_c, layout_basic
D:2:      layout_loops_corners, gammafunk_temple_overflow_elements,
          elyvilon_altar_3
D:3:      layout_basic, uniq_jessica, uniq_robin, uniq_sigmund
D:4:      layout_loops_ring, nicolae_qazlal_general_emergency, first_ration,
          uniq_crazy_yiuf_cottage
D:5:      cheibrodos_two_vegetables, layout_basic,
          minmay_temple_entry_metal_lava
D:6:      layout_basic, nicolae_gozag_zags_fifth_avenue,
          nicolae_tso_besieged_by_evil, nicolae_ru_the_path_less_chosen,
          uniq_menkaure, uniq_pikel
D:7:      cheibrodos_steamvent, layout_rooms, gammafunk_ghost_wrathful_warriors
D:8:      layout_rooms
D:9:      layout_cave_pools, kennysheep_mini, hangedman_fish_farm
D:10:     layout_loops_ring, minmay_orc_entry_temple_small,
          gammafunk_ghost_nasty_kobolds, uniq_urug
Abyss:1

Skill      XL: |  1  2  3  4  5  6  7  8  9 10 11 |
---------------+----------------------------------+-----
Invocations    | 1 2 3 4 5 6 |  6.5
Short Blades   | 1 2 3 4 5 6 |  6.0
Axes           | 1 2 3 4 5 6 |  6.0
Maces & Flails | 1 2 3 4 5 6 |  6.0
Polearms       | 1 2 3 4 5 6 |  6.0
Staves         | 1 2 3 4 5 6 |  6.0
Slings         | 1 2 3 4 5 6 |  6.0
Bows           | 1 2 3 4 5 6 |  6.0
Crossbows      | 1 2 3 4 5 6 |  6.0
Throwing       | 1 2 3 4 5 6 |  6.0
Dodging        | 1 2 3 4 5 6 |  6.0
Stealth        | 1 2 3 4 5 6 |  6.0
Unarmed Combat | 1 2 3 4 5 6 |  6.0
Spellcasting   | 1 2 3 4 5 6 |  6.0
Evocations     | 1 2 3 4 5 6 |  6.0
Conjurations   | 1 2 3 4 |  4.9
Hexes          | 1 2 3 4 |  4.9
Charms         | 1 2 3 4 |  4.9
Summonings     | 1 2 3 4 |  4.9
Necromancy     | 1 2 3 4 |  4.9
Translocations | 1 2 3 4 |  4.9
Transmutations | 1 2 3 4 |  4.9
Fire Magic     | 1 2 3 4 |  4.9
Ice Magic      | 1 2 3 4 |  4.9
Air Magic      | 1 2 3 4 |  4.9
Earth Magic    | 1 2 3 4 |  4.9
Poison Magic   | 1 2 3 4 |  4.9
Long Blades    | 5 6 7 |  7.6
Fighting       | 7 8 9 |  9.0
Armour         | 7 8 9 |  9.0
Shields        | 7 8 9 |  9.0

Action                   |  1- 3 |  4- 6 |  7- 9 | 10-12 || total
-------------------------+-------+-------+-------+-------++-------
Melee: Long sword        |    41 |       |   182 |   141 ||   364
       Bite              |    23 |    12 |    70 |    53 ||   158
       Dagger            |    98 |    92 |   278 |   137 ||   605
       Short sword       |       |       |       |   126 ||   126
Throw: Javelin           |       |       |     2 |       ||     2
       Stone             |       |       |       |     3 ||     3
  Use: Scroll            |       |       |       |    13 ||    13
       Potion            |       |       |       |     5 ||     5
 Stab: Sleeping          |       |       |       |    10 ||    10
       Invisible         |       |       |       |     1 ||     1
  Eat: Chunk             |     3 |     5 |    12 |     9 ||    29
       Ration            |       |       |       |     1 ||     1
Armor: Scale mail        |    42 |    26 |   118 |       ||   186
       Steam dragon scal |       |       |     3 |    77 ||    80
Dodge: Dodged            |    28 |    24 |   158 |   131 ||   341
Block: Shield            |    66 |    48 |   234 |   172 ||   520
       Rpst.: Long sword |     2 |       |    27 |    20 ||    49
